 Dungeon Crawl Stone Soup version 0.19.0-11-g3fc08b3 (webtiles) character file.

408 inmateoo the Cudgeler (level 6, -3/63 HPs)
             Began as an Ogre Wanderer on Nov 8, 2016.
             Slain by an orc priest
             ... wielding a +0 flail
              (8 damage)
             ... on level 4 of the Dungeon.
             The game lasted 00:04:23 (4283 turns).

inmateoo the Cudgeler (Ogre Wanderer)               Turns: 4283, Time: 00:04:24

Health: -3/63      AC:  3    Str: 19    XL:     6   Next: 88%
Magic:  11/11      EV: 10    Int: 12    God:
Gold:   200        SH:  0    Dex:  9    Spells: 2 memorised, 8 levels left

rFire  . . .     SeeInvis .     q - +2 falchion (elec)
rCold  . . .     Gourm    .     d - +0 robe
rNeg   . . .     Faith    .     (no shield)
rPois  .         Spirit   .     (helmet restricted)
rElec  .         Reflect  .     (no cloak)
rCorr  .         Harm     .     (gloves unavailable)
MR     .....                    (boots unavailable)
Stlth  +.........               (no amulet)
                                (no ring)
                                (no ring)

@: no status effects
A: unfitting armour, tough skin 1
a: no special abilities


You were on level 4 of the Dungeon.
You were hungry.

You visited 1 branch of the dungeon, and saw 4 of its levels.

You collected 200 gold pieces.

Inventory:

Hand Weapons
 c - a +0 mace
 k - a +0 dagger of electrocution
 q - a +2 falchion of electrocution (weapon)
Armour
 d - a +0 robe (worn)
Scrolls
 g - 2 scrolls of immolation {unknown}
 j - 2 scrolls of identify
 l - 2 scrolls of teleportation {unknown}
 m - 2 scrolls of remove curse {unknown}
 o - 3 scrolls of enchant armour {unknown}
 p - 2 scrolls of fog {unknown}
 r - a scroll of amnesia {unknown}
Potions
 e - a potion of curing {unknown}
 h - a potion of haste
 i - 2 potions of flight
Books
 a - a book of Minor Magic

   Spells                             Type                      Level
   a - Magic Dart                     Conjuration                  1
   b - Blink                          Translocation                2
   c - Call Imp                       Summoning                    2
   d - Repel Missiles                 Charms/Air                   2
   e - Slow                           Hexes                        2
   f - Conjure Flame                  Conjuration/Fire             3
   g - Mephitic Cloud                 Conjuration/Poison/Air       3
Comestibles
 b - 6 beef jerkies
 f - a bread ration
 n - 2 meat rations
 s - a royal jelly


   Skills:
 + Level 4.7 Fighting
 * Level 7.9 Maces & Flails
 - Level 1.0 Throwing
 - Level 2.6 Dodging
 - Level 3.6 Spellcasting
   Level 1.0 Evocations


You had 8 spell levels left.
You knew the following spells:

 Your Spells              Type           Power        Failure   Level  Hunger
a - Blink                 Tloc           N/A          38%         2    ##.....
b - Repel Missiles        Chrm/Air       #.....       38%         2    ##.....


Dungeon Overview and Level Annotations

Branches:
Dungeon (4/15)
 Temple: D:4-7

Altars:
Dithmenos
Trog


Innate Abilities, Weirdness & Mutations

You are too large for most types of armour.
You have tough skin. (AC +1)


Message History

You hit the orc.
There is a sudden explosion of sparks!
You kill the orc!
You start resting.
An orc priest comes into view. It is wielding a flail.
The orc priest invokes the aid of Beogh against you.
Pain shoots through your body! The orc priest hits you with a flail!
You hit the orc priest but do no damage.
There is a sudden explosion of sparks!
The orc priest is severely wounded.
The orc priest hits you with a flail.
* * * LOW HITPOINT WARNING * * *
You barely miss the orc priest.
The orc priest is severely wounded.
The orc priest hits you with a flail!
* * * LOW HITPOINT WARNING * * *
You completely miss the orc priest.
The orc priest is severely wounded.
The orc priest hits you with a flail!
You die...

... ....# ....
o... ....####.o.
#.........#
#........o#
#.........#
#.........######
#######)###....#
#......)o@.....#
#..............#
#..............#
#..............#
#..............#
#######'#########
................#
................#
................#


You could see an orc priest.

Vanquished Creatures
  Sigmund (D:3)
  2 orc wizards
  Terence (D:3)
  Robin (D:1)
  7 adders
  A worm (D:2)
  2 dart slugs (D:1)
  2 leopard geckos (D:1)
  10 orcs
  2 ball pythons
  4 giant cockroaches
  16 goblins
  6 hobgoblins
  2 kobolds (D:2)
  6 bats
  3 frilled lizards
  3 rats (D:1)
69 creatures vanquished.

Notes
Turn   | Place    | Note
-------+----------+-------------------------------------------
     0 | D:1      | inmateoo the Ogre Wanderer began the quest for the Orb.
     0 | D:1      | inmateoo set off with: a book of Minor Magic, a +0 hand axe, a +0 mace, a +0 robe, a bread ration
     0 | D:1      | Reached XP level 1. HP: 16/16 MP: 5/5
    62 | D:1      | Reached skill level 3 in Maces & Flails
   192 | D:1      | Reached skill level 1 in Fighting
   370 | D:1      | Reached XP level 2. HP: 14/28 MP: 6/6
  1130 | D:2      | Noticed Robin
  1144 | D:1      | Reached XP level 3. HP: 24/35 MP: 8/8
  1314 | D:1      | Learned a level 2 spell: Blink
  1317 | D:1      | Learned a level 2 spell: Repel Missiles
  1349 | D:1      | Reached skill level 4 in Maces & Flails
  1516 | D:1      | Killed Robin
  1815 | D:2      | Reached XP level 4. HP: 41/44 MP: 9/9
  2133 | D:2      | Reached skill level 5 in Maces & Flails
  2476 | D:3      | Found a bloodstained altar of Trog.
  2893 | D:3      | Noticed Terence
  2908 | D:3      | Killed Terence
  2908 | D:3      | Reached XP level 5. HP: 40/53 MP: 10/10
  2923 | D:3      | Found a faded altar of an unknown god.
  2952 | D:3      | Noticed Sigmund
  2973 | D:3      | Killed Sigmund
  2973 | D:3      | Reached skill level 7 in Maces & Flails
  2973 | D:3      | Reached XP level 6. HP: 20/63 MP: 11/11
  3362 | D:3      | Became a worshipper of Dithmenos the Shadowed
  3362 | D:3      | Reached * piety under Dithmenos
  3458 | D:3      | Fell from the grace of Dithmenos
  4283 | D:4      | Slain by an orc priest

Skill      XL: |  1  2  3  4  5 |
---------------+----------------+-----
Maces & Flails | 3 4 5 7 |  7.9
Fighting       | 1 2 3 4 |  4.7
Throwing       | |  1.0
Dodging        | |  2.6
Spellcasting   | |  3.6
Evocations     | |  1.0

Action                   |  1- 3 |  4- 6 || total
-------------------------+-------+-------++-------
Melee: Mace              |    97 |       ||    97
       Dagger            |    18 |   158 ||   176
       Falchion          |       |    17 ||    17
 Cast: Repel Missiles    |     1 |       ||     1
Invok: Renounce Religion |       |     1 ||     1
  Use: Scroll            |     1 |     2 ||     3
  Eat: Chunk             |     3 |     7 ||    10
Armor: Robe              |    46 |    34 ||    80
Dodge: Dodged            |    84 |    77 ||   161
       Deflected         |       |     1 ||     1
       Rpst.: Falchion   |       |     3 ||     3
